[Event "Titled Tuesday Blitz May 2 Late 2023"]
[White "Hnydiuk, Aleksander"]
[Black "Pasti, Aron"]
[WhiteFideId "1109057"]
[BlackFideId "785857"]
[WhiteElo "2374"]
[BlackElo "2173"]
[Result "1-0"]
[Round "06"]
[TimeControl "180+2"]
[Date "2023.05.02"]
[WhiteClock "0:01:05"]
[BlackClock "0:00:44"]

1. e4 c5 2. Nf3 e6 3. d4 cxd4 4. Nxd4 Nc6 5. Nc3 Qc7 6. a3 a6 7. Be3 b5 8. Bd3 Bb7 9. O-O Nf6 10. Kh1 Nxd4 11. Bxd4 Bc5 12. Bxc5 Qxc5 13. Qe2 d5 14. e5 Nd7 15. f4 O-O 16. Rf3 g6 17. Raf1 Qe7 18. Rg3 Nc5 19. Qh5 d4 20. Ne2 Kg7 21. f5 exf5 22. Qxf5 Nxd3 23. Qf6+ Qxf6 24. exf6+ Kg8 25. Rxd3 Rfd8 26. Rxd4 Kf8 27. Kg1 Ke8 28. Re1 Rxd4 29. Nxd4+ Kf8 30. Re7 Bc8 31. Nf3 Be6 32. Ng5 Bd5 33. Nxh7+ Kg8 34. Ng5 1-0


[Site "https://www.chess.com"]

[Event "Titled Tuesday Blitz May 2 Late 2023"]
[White "Ramirez Vido, Robert Yorisan"]
[Black "Spitzl, Vinzent"]
[WhiteFideId "3513823"]
[BlackFideId "12901253"]
[WhiteElo "2015"]
[BlackElo "2225"]
[Result "0-1"]
[Round "06"]
[TimeControl "180+2"]
[Date "2023.05.02"]
[WhiteClock "0:00:05"]
[BlackClock "0:00:57"]

1. f4 Nf6 2. Nf3 d5 3. g3 e6 4. Bg2 Be7 5. d3 O-O 6. O-O b6 7. e4 dxe4 8. dxe4 Qxd1 9. Rxd1 Bb7 10. e5 Nd5 11. c3 Nc6 12. Nbd2 Ne3 13. Rf1 Nxf1 14. Nxf1 Bc5+ 15. Be3 Bxe3+ 16. Nxe3 Rfd8 17. Kf2 Ne7 18. Ke2 a6 19. g4 c5 20. Nc4 b5 21. Nd6 Bc6 22. Rg1 Nd5 23. f5 Nf4+ 24. Ke3 Nxg2+ 25. Rxg2 Bxf3 26. Kxf3 exf5 27. gxf5 f6 28. Ke4 fxe5 29. Kxe5 Ra7 30. f6 Rad7 31. Rxg7+ Rxg7 32. fxg7 Kxg7 33. Kd5 c4 34. Kc6 Kf6 35. Ne4+ Kf5 36. Nd6+ Kg4 37. Ne4 h6 38. Kb6 Kh3 39. Kxa6 Kxh2 40. Kxb5 Kg2 41. Kxc4 h5 42. a4 h4 43. a5 h3 0-1


[Site "https://www.chess.com"]

[Event "Titled Tuesday Blitz May 2 Late 2023"]
[White "Vovk, Orest"]
[Black "Fernandez Siles, Luis"]
[WhiteFideId "14113490"]
[BlackFideId "2209420"]
[WhiteElo "2215"]
[BlackElo "2195"]
[Result "1-0"]
[Round "06"]
[TimeControl "180+2"]
[Date "2023.05.02"]
[WhiteClock "0:00:06"]
[BlackClock "0:00:02"]

1. c4 Nf6 2. Nc3 g6 3. Nf3 Bg7 4. h3 O-O 5. g4 d6 6. g5 Nfd7 7. h4 c5 8. h5 Nc6 9. hxg6 hxg6 10. d3 Nde5 11. Nxe5 Nxe5 12. f4 Nc6 13. e3 a6 14. Qe2 b5 15. Qh2 Re8 16. Bg2 Bb7 17. Nd5 Rb8 18. Qh4 Nb4 19. Ke2 bxc4 20. dxc4 Bxd5 21. Bxd5 Nxd5 22. cxd5 Qa5 23. Kf3 c4 24. e4 c3 25. bxc3 Qxc3+ 26. Be3 Rb2 27. Rac1 Qd3 28. Qh7+ Kf8 29. Rh2 Rxh2 30. Qxh2 Rb8 31. Qd2 Qa3 32. Qc2 Kg8 33. Rd1 Qb2 34. Qxb2 Rxb2 35. a4 Rb3 36. Ke2 Ra3 37. Rb1 Bc3 38. Rb8+ Kg7 39. Rb7 Rxa4 40. Rxe7 Kf8 41. Rd7 Rxe4 42. Kd3 1-0


[Site "https://www.chess.com"]

[Event "Titled Tuesday Blitz May 2 Late 2023"]
[White "Tomaszewski, Kacper"]
[Black "Van Dael, Siem"]
[WhiteFideId "1127373"]
[BlackFideId "1049771"]
[WhiteElo "2211"]
[BlackElo "2336"]
[Result "1-0"]
[Round "06"]
[TimeControl "180+2"]
[Date "2023.05.02"]
[WhiteClock "0:00:13"]
[BlackClock "0:00:01"]

1. d4 Nf6 2. c4 g6 3. Nc3 Bg7 4. e4 d6 5. Nf3 O-O 6. Be2 e5 7. dxe5 dxe5 8. Qxd8 Rxd8 9. Bg5 Re8 10. Nd5 Nxd5 11. cxd5 c6 12. Bc4 cxd5 13. Bxd5 Nd7 14. Nd2 h6 15. Be3 Nf6 16. Bb3 Ng4 17. Bc5 b6 18. Bd5 Rb8 19. Bd6 Ba6 20. Bxb8 Rxb8 21. Bc4 Bxc4 22. Nxc4 Rc8 23. Na3 Bf8 24. O-O Bxa3 25. bxa3 Rc3 26. Rac1 Rxa3 27. Rc6 Kg7 28. h3 Nf6 29. f4 Nxe4 30. fxe5 Ng5 31. Rc7 Ra4 32. a3 h5 33. e6 Nxe6 34. Rfxf7+ Kh6 35. Rxa7 Rc4 36. Rfb7 Rc1+ 37. Kh2 Rb1 38. h4 g5 39. Re7 Nf4 40. Rh7+ Kg6 41. Rag7+ Kf6 42. hxg5+ Kf5 43. g6 Kg4 44. Rf7 Ne2 45. g7 Rb5 46. g8=Q+ Kh4 47. Rf4+ Nxf4 48. Qg3# 1-0


[Site "https://www.chess.com"]

[Event "Titled Tuesday Blitz May 2 Late 2023"]
[White "Martic, Ivan"]
[Black "Hoffmann, Asa"]
[WhiteFideId "929301"]
[BlackFideId "2001470"]
[WhiteElo "2360"]
[BlackElo "2117"]
[Result "0-1"]
[Round "06"]
[TimeControl "180+2"]
[Date "2023.05.02"]
[WhiteClock "0:00:11"]
[BlackClock "0:00:32"]

1. Nf3 d6 2. d4 Bg4 3. e4 Nf6 4. Nbd2 c6 5. Be2 e6 6. O-O d5 7. e5 Nfd7 8. c4 dxc4 9. Nxc4 Nb6 10. Ne3 Bh5 11. h3 Be7 12. Ng4 N8d7 13. a4 c5 14. a5 Nd5 15. a6 b6 16. dxc5 Bxc5 17. Bg5 Be7 18. Bxe7 Qxe7 19. Nd4 O-O 20. Nh6+ gxh6 21. Bxh5 Nxe5 22. Re1 Ng6 23. Bf3 Qg5 24. Nc6 Rfc8 25. Rc1 Rc7 26. Rc3 Nxc3 27. bxc3 Rac8 28. Qd6 Nh4 29. Be4 Nxg2 30. Kf1 Nxe1 31. Kxe1 Qc1+ 32. Ke2 Qxc3 33. Ne7+ Rxe7 34. Qxe7 Qc7 35. Qf6 Qc3 36. Qe7 Qe5 37. f3 f5 38. Qd7 Rf8 39. Qxa7 fxe4 40. f4 Qxf4 0-1


[Site "https://www.chess.com"]

[Event "Titled Tuesday Blitz May 2 Late 2023"]
[White "Kovacs, Klara"]
[Black "Petrovic, Aleksa"]
[WhiteFideId "733210"]
[BlackFideId "967629"]
[WhiteElo "2179"]
[BlackElo "2309"]
[Result "0-1"]
[Round "06"]
[TimeControl "180+2"]
[Date "2023.05.02"]
[WhiteClock "0:00:06"]
[BlackClock "0:01:51"]

1. Nf3 Nf6 2. d4 e6 3. g3 c5 4. c3 Qb6 5. Bg2 Nc6 6. O-O d5 7. Bg5 Be7 8. Qd2 Ne4 9. Qe3 cxd4 10. cxd4 Nxg5 11. Nxg5 Qxb2 12. Nd2 Qxd4 13. Qxd4 Nxd4 14. Ngf3 Nxe2+ 15. Kh1 Nc3 16. Rfc1 Bf6 17. Nb3 b6 18. Nfd4 Ne4 19. Rc7 Nxf2+ 20. Kg1 Nd3 21. Rd1 Nc5 22. Nxc5 bxc5 23. Rxc5 Bd7 24. Nb5 Ke7 25. a4 Rhc8 26. Rdc1 Rxc5 27. Rxc5 a6 28. Rc7 axb5 0-1


[Site "https://www.chess.com"]

[Event "Titled Tuesday Blitz May 2 Late 2023"]
[White "Olsson, William"]
[Black "Kujawski, Adam"]
[WhiteFideId "1741721"]
[BlackFideId "1100920"]
[WhiteElo "2197"]
[BlackElo "2054"]
[Result "1-0"]
[Round "06"]
[TimeControl "180+2"]
[Date "2023.05.02"]
[WhiteClock "0:00:12"]
[BlackClock "0:00:11"]

1. c4 e5 2. g3 Nc6 3. Bg2 d6 4. Nc3 Be6 5. Nd5 Nce7 6. e4 c6 7. Ne3 Ng6 8. Ne2 h5 9. h4 Nf6 10. d4 Be7 11. Nf5 O-O 12. d5 cxd5 13. cxd5 Bd7 14. Nc3 a6 15. Bg5 b5 16. Bxf6 Bxf6 17. Qxh5 b4 18. Ne2 Bb5 19. Qf3 Rc8 20. h5 Rc2 21. Bf1 Ne7 22. Ne3 Rxb2 23. Nc1 Bxf1 24. Kxf1 Bg5 25. Nd3 Rd2 26. Nc4 Rc2 27. Ne3 Bxe3 28. Qxe3 Qa5 29. h6 Ng6 30. hxg7 Kxg7 31. Qh6+ Kf6 32. Kg2 Rd2 33. Qxd2 Rc8 34. Qxb4 Qc7 35. Rac1 Qd7 36. Rxc8 Qxc8 37. Rc1 Kg7 38. Rxc8 1-0


[Site "https://www.chess.com"]

[Event "Titled Tuesday Blitz May 2 Late 2023"]
[White "Ansh M Shah"]
[Black "Gurevich, Dmitry"]
[WhiteFideId "25033379"]
[BlackFideId "2000407"]
[WhiteElo "2084"]
[BlackElo "2506"]
[Result "1/2-1/2"]
[Round "06"]
[TimeControl "180+2"]
[Date "2023.05.02"]
[WhiteClock "0:00:16"]
[BlackClock "0:00:05"]

1. d4 Nf6 2. c4 a6 3. Nc3 c5 4. d5 b5 5. cxb5 axb5 6. Nxb5 Qa5+ 7. Nc3 Bb7 8. Bd2 Qb6 9. Na4 Qc7 10. Rc1 d6 11. b4 Bxd5 12. bxc5 Bc6 13. cxd6 Qxd6 14. Nc3 g6 15. Nf3 Bg7 16. e3 O-O 17. Be2 Ne4 18. Nxe4 Bxe4 19. O-O Rxa2 20. Bc3 Qxd1 21. Bxd1 Rc8 22. Bb3 Ra3 23. Bxg7 Rxc1 24. Rxc1 Kxg7 25. Bc4 Bxf3 26. gxf3 Nd7 27. f4 Nf6 28. Be2 Ra2 29. Bf3 Ne8 30. Kg2 Nd6 31. Rc7 e6 32. Rd7 Nf5 33. Be4 Nxe3+ 34. Kf3 Nc4 35. Bc6 Rb2 36. Ra7 Rb8 37. Kg2 Nd6 38. Bf3 Kf6 39. Be2 Rb2 40. Bd3 Rd2 41. Bb1 Nc4 42. Ra4 Nb6 43. Rb4 Nd5 44. Ra4 Nc3 45. Rb4 h5 46. Be4 Nxe4 47. Rxe4 Kf5 48. Rb4 Rd3 49. Rb7 f6 50. Rb4 h4 51. h3 Rc3 52. Ra4 e5 53. fxe5 fxe5 54. Rxh4 e4 55. Rh8 Rc2 56. Rf8+ Kg5 57. Kg3 Rc3+ 58. Kg2 Rc2 59. Re8 Kf4 60. Rf8+ Kg5 1/2-1/2


[Site "https://www.chess.com"]

[Event "Titled Tuesday Blitz May 2 Late 2023"]
[White "Karthik, Advaith"]
[Black "Tsyhanchuk, Stanislav"]
[WhiteFideId "30946050"]
[BlackFideId "13505130"]
[WhiteElo "2004"]
[BlackElo "2173"]
[Result "0-1"]
[Round "06"]
[TimeControl "180+2"]
[Date "2023.05.02"]
[WhiteClock "0:00:11"]
[BlackClock "0:00:31"]

1. d4 Nf6 2. c4 e6 3. g3 d5 4. Bg2 Nc6 5. Nf3 dxc4 6. O-O Rb8 7. a4 a6 8. Bf4 b5 9. axb5 axb5 10. Nc3 Be7 11. Ne5 Nxe5 12. dxe5 Nd7 13. Bc6 b4 14. Ne4 O-O 15. Qc2 c3 16. Rfd1 Rb6 17. Bxd7 Bxd7 18. Be3 cxb2 19. Qxb2 Rb5 20. Rac1 Rd5 21. Qb3 Qa8 22. Rxc7 Ba4 23. Rxd5 Bxb3 24. Rd4 Bd5 25. f3 Bd8 26. Rc2 Bb6 27. Rd3 Bxe3+ 28. Rxe3 Qa7 29. Kf2 Bxe4 30. fxe4 b3 31. Rb2 Rb8 32. Kf3 Qa3 33. Rb1 Qa2 34. Rc1 b2 35. Rb3 Qxb3+ 0-1


[Site "https://www.chess.com"]

[Event "Titled Tuesday Blitz May 2 Late 2023"]
[White "Baltic, Fatih"]
[Black "Gabdushev, Ruslan"]
[WhiteFideId "12979090"]
[BlackFideId "4137833"]
[WhiteElo "2200"]
[BlackElo "2233"]
[Result "0-1"]
[Round "06"]
[TimeControl "180+2"]
[Date "2023.05.02"]
[WhiteClock "0:01:03"]
[BlackClock "0:00:10"]

1. c4 Nc6 2. g3 e5 3. Bg2 h5 4. h4 Bc5 5. Nc3 d6 6. e3 Bg4 7. Qa4 Qd7 8. Nge2 Nge7 9. a3 O-O 10. b4 Bb6 11. d3 a5 12. b5 Nd8 13. Bb2 Ne6 14. Bxb7 Nc5 15. Bc6 Nxc6 16. bxc6 Nxa4 17. cxd7 Nxb2 18. Kd2 Bxd7 19. a4 Bc5 20. Rhb1 Rab8 21. Kc2 Nxc4 22. dxc4 Bf5+ 23. e4 Be6 24. Kd3 Bxf2 25. Rb5 Bb6 26. Nd5 Bxd5 27. cxd5 f5 28. Rab1 fxe4+ 29. Kxe4 Rf2 30. Nc3 Rbf8 31. Rxb6 cxb6 32. Rxb6 Rc2 33. Nb5 Rc4+ 34. Ke3 Rxa4 35. Nxd6 e4 36. Rb7 Rf3+ 37. Ke2 Ra2+ 38. Ke1 Rxg3 39. Kf1 Rc3 40. Rb8+ Kh7 41. Rb1 Rh3 42. Kg1 Rxh4 43. Nf7 Rg4+ 44. Kh1 Rf4 45. Ng5+ Kg6 46. Ne6 Rff2 47. d6 Rfd2 48. d7 Rxd7 49. Nf8+ Kf5 50. Nxd7 Kf4 51. Nc5 g5 52. Re1 e3 53. Ne6+ Kg3 54. Nxg5 h4 55. Ne4+ Kf3 56. Nc3 Rc2 57. Nd5 e2 58. Kh2 Kf2 59. Rg1 e1=Q 60. Rg2+ Kf3 61. Rxc2 Qe5+ 62. Kh1 Qxd5 63. Kh2 Kf4 64. Rg2 Qxg2+ 65. Kxg2 a4 66. Kh3 a3 67. Kh2 a2 68. Kg2 a1=Q 69. Kh2 Qb2+ 70. Kh3 Qa2 71. Kxh4 Qh2# 0-1


[Site "https://www.chess.com"]

[Event "Titled Tuesday Blitz May 2 Late 2023"]
[White "Pein, Jonathan"]
[Black "Jodorcovsky Werjivker, Paulo"]
[WhiteFideId "417092"]
[BlackFideId "3700305"]
[WhiteElo "2151"]
[BlackElo "2120"]
[Result "0-1"]
[Round "06"]
[TimeControl "180+2"]
[Date "2023.05.02"]
[WhiteClock "0:00:05"]
[BlackClock "0:00:20"]

1. e4 e5 2. Nf3 Nc6 3. Nc3 Nf6 4. d4 exd4 5. Nd5 Be7 6. Bf4 d6 7. Nxd4 Nxe4 8. Nb5 O-O 9. Nbxc7 Rb8 10. Bd3 Nc5 11. O-O Bg5 12. Qh5 h6 13. Bxg5 Qxg5 14. Qxg5 hxg5 15. Nb5 Be6 16. Ne3 Nxd3 17. cxd3 a6 18. Nxd6 Rfd8 19. Ne4 g4 20. Rfd1 Nd4 21. Kf1 b6 22. b3 f6 23. Rac1 Rbc8 24. Nc4 Rc6 25. Ne3 Rdc8 26. Rxc6 Rxc6 27. Ke1 b5 28. Kd2 f5 29. Ng5 f4 30. Nxe6 fxe3+ 31. fxe3 Rc2+ 32. Ke1 Nxe6 33. Rd2 Rxd2 34. Kxd2 Kf7 35. Kc3 a5 36. a4 bxa4 37. bxa4 Nc5 38. Kc4 Nxa4 39. Kb5 Nc3+ 40. Kxa5 Nd5 41. Kb5 Nxe3 42. Kc6 Nxg2 43. d4 Nf4 44. d5 Ke7 45. d6+ Kd8 46. d7 Nd3 47. Kd6 Ne1 48. Ke5 Nf3+ 49. Kf4 Nxh2 50. Kg3 Kxd7 51. Kxh2 Ke6 52. Kg3 Kf5 53. Kg2 Kf4 54. Kf2 g6 55. Kg2 g3 56. Kg1 Kf3 57. Kf1 g2+ 58. Kg1 g5 59. Kh2 Kf2 60. Kh3 g4+ 0-1


[Site "https://www.chess.com"]

[Event "Titled Tuesday Blitz May 2 Late 2023"]
[White "Kovalevsky, Stanislav"]
[Black "Romero Ruscalleda, Josep"]
[WhiteFideId "13508598"]
[BlackFideId "2231859"]
[WhiteElo "2174"]
[BlackElo "2183"]
[Result "0-1"]
[Round "06"]
[TimeControl "180+2"]
[Date "2023.05.02"]
[WhiteClock "0:00:02"]
[BlackClock "0:00:08"]

1. c4 g6 2. Nc3 Bg7 3. g3 d6 4. Bg2 c5 5. e4 Nc6 6. h4 Nf6 7. d3 Nd4 8. Be3 e5 9. Nge2 Bg4 10. Bxd4 exd4 11. Nd5 Nxd5 12. cxd5 Qa5+ 13. Qd2 Qxd2+ 14. Kxd2 O-O 15. f3 Bd7 16. h5 f5 17. hxg6 hxg6 18. Rh2 Kf7 19. Rah1 Rh8 20. f4 Rxh2 21. Rxh2 Rh8 22. Rxh8 Bxh8 23. Ng1 Bf6 24. Nf3 fxe4 25. dxe4 Bg4 26. Ne1 g5 27. a4 c4 28. Bf1 c3+ 29. Kc2 cxb2 30. Kxb2 gxf4 31. gxf4 Bh4 32. Nc2 Bf2 33. Kb3 Bf3 34. Bd3 Be3 35. Kc4 Bxf4 36. Nxd4 Bd1 37. Bc2 Bg4 38. Nb5 a6 39. Nc7 Ke7 40. Na8 Be3 41. a5 Be2+ 42. Bd3 Bf3 43. Nc7 Bd2 44. Kb3 Bxa5 45. Ne6 Bb6 46. Ng5 Bg2 47. Ne6 Be3 48. Bc2 Bh3 49. Ng7 Bg4 50. Nf5+ Kd7 51. Nxe3 Bf3 52. Kc4 b5+ 53. Kd4 Kc7 54. Nf5 a5 55. Ng7 a4 56. Ne6+ Kb6 57. Ng5 Bg2 58. Nf7 Kc7 0-1


[Site "https://www.chess.com"]

[Event "Titled Tuesday Blitz May 2 Late 2023"]
[White "Jimenez Almeida, Luis David"]
[Black "Ferriz Barrios, Andres"]
[WhiteFideId "22242244"]
[BlackFideId "5104467"]
[WhiteElo "2245"]
[BlackElo "2102"]
[Result "0-1"]
[Round "06"]
[TimeControl "180+2"]
[Date "2023.05.02"]
[WhiteClock "0:00:37"]
[BlackClock "0:02:19"]

1. e4 e6 2. d4 d5 3. e5 c5 4. c3 Nc6 5. Nf3 Qb6 6. a3 a5 7. Be2 Bd7 8. O-O cxd4 9. cxd4 a4 10. Nc3 Na5 11. Nxa4 Qb3 12. Nc5 Bxc5 13. dxc5 Qxd1 14. Bxd1 Bb5 15. Re1 Ne7 16. b4 Nc4 17. Nd4 Bd7 18. Bb3 b5 19. f4 O-O 20. g4 Nc6 21. Nxc6 Bxc6 22. Bxc4 dxc4 23. Be3 Rfd8 24. Kf2 Rd3 25. Red1 Rad8 26. Rxd3 Rxd3 27. h3 h6 28. Ke2 Rb3 29. Rd1 c3 30. Rd8+ Kh7 31. Bd4 c2 32. Kd2 Be4 33. c6 Rd3+ 0-1


[Site "https://www.chess.com"]

[Event "Titled Tuesday Blitz May 2 Late 2023"]
[White "Lopez Perdomo, Juan David"]
[Black "Sai Han Thiha"]
[WhiteFideId "4405137"]
[BlackFideId "13012290"]
[WhiteElo "1965"]
[BlackElo "1954"]
[Result "0-1"]
[Round "06"]
[TimeControl "180+2"]
[Date "2023.05.02"]
[WhiteClock "0:00:17"]
[BlackClock "0:01:40"]

1. e4 c6 2. c4 d5 3. exd5 cxd5 4. d4 Nf6 5. Nf3 e6 6. Bd3 dxc4 7. Bxc4 Be7 8. O-O O-O 9. Nc3 Nc6 10. h3 b6 11. Bg5 Bb7 12. Bb3 Nb4 13. a3 Nbd5 14. Nxd5 Bxd5 15. Bc2 Rc8 16. Re1 Bxf3 17. gxf3 Nd5 18. Qd3 g6 19. Bh6 Re8 20. Re4 Bg5 21. Bxg5 Qxg5+ 22. Rg4 Qf6 23. h4 h5 24. Rg5 Nf4 25. Qe4 Nh3+ 26. Kh2 Nxg5 27. hxg5 Qxg5 28. Rg1 Qf6 29. Bd3 Red8 30. Qb7 Qxd4 31. Bxg6 Qxf2+ 32. Rg2 Qh4+ 33. Kg1 Rd1# 0-1


[Site "https://www.chess.com"]

[Event "Titled Tuesday Blitz May 2 Late 2023"]
[White "Torres Dominguez, David"]
[Black "Nunez V, Gustavo Eduardo"]
[WhiteFideId "2220857"]
[BlackFideId "4403690"]
[WhiteElo "1999"]
[BlackElo "2228"]
[Result "0-1"]
[Round "06"]
[TimeControl "180+2"]
[Date "2023.05.02"]
[WhiteClock "0:00:03"]
[BlackClock "0:00:18"]

1. e4 c5 2. Nc3 g6 3. Nf3 Bg7 4. d4 cxd4 5. Nxd4 Nc6 6. Be3 Nf6 7. Bc4 O-O 8. f3 d6 9. Qd2 Bd7 10. O-O-O Rc8 11. Bb3 Re8 12. Kb1 a6 13. Nxc6 Bxc6 14. Nd5 Nxd5 15. exd5 Bd7 16. Bd4 Bxd4 17. Qxd4 Qa5 18. h4 Qc5 19. Qd2 b5 20. h5 Rf8 21. g4 b4 22. Qh6 g5 23. Qxg5+ Kh8 24. Qxe7 f5 25. Qxd7 Rc7 26. Qe6 a5 27. gxf5 Qb5 28. Qh6 Rcf7 29. Qxd6 a4 30. Qe5+ Rf6 31. Rdg1 axb3 32. axb3 Qd7 33. Rg6 hxg6 34. hxg6+ Kg8 35. Qh2 Qg7 36. Qe5 Rxf5 37. Qe6+ R8f7 38. gxf7+ Qxf7 0-1


[Site "https://www.chess.com"]

[Event "Titled Tuesday Blitz May 2 Late 2023"]
[White "Kalaiyalahan, Akshaya"]
[Black "Suvorov, Luca"]
[WhiteFideId "422894"]
[BlackFideId "12977071"]
[WhiteElo "2043"]
[BlackElo "2202"]
[Result "1/2-1/2"]
[Round "06"]
[TimeControl "180+2"]
[Date "2023.05.02"]
[WhiteClock "0:00:01"]
[BlackClock "0:00:04"]

1. c4 g6 2. Nc3 Bg7 3. d4 d6 4. e4 Nf6 5. Be2 Nfd7 6. Be3 c5 7. d5 Na6 8. Nf3 O-O 9. O-O Nc7 10. a3 a6 11. Rb1 b5 12. cxb5 axb5 13. Nxb5 Nxb5 14. Bxb5 Ba6 15. Bxa6 Rxa6 16. Nd2 Qa5 17. Nc4 Qb5 18. Qc2 Rb8 19. b3 Nb6 20. a4 Qd7 21. Bd2 e6 22. dxe6 Qxe6 23. a5 Nc8 24. Bc3 Ra7 25. Bxg7 Kxg7 26. Qc3+ f6 27. f3 Ne7 28. Rfd1 Rd8 29. Nb6 Nc6 30. Rd2 Rxa5 31. Rbd1 Rb5 32. Nc4 Nd4 33. b4 Rdb8 34. bxc5 dxc5 35. Ne3 h5 36. Nc2 Nxc2 37. Qxc2 R8b7 38. Qc3 h4 39. Rd6 Qe7 40. R6d5 h3 41. gxh3 Rb2 42. Qxc5 Qxc5+ 43. Rxc5 R7b3 44. Rcd5 Rxf3 45. R5d2 Rbb3 46. Rd7+ Kh6 47. Rf7 Rbe3 48. Rdd7 Rxe4 49. Rh7+ Kg5 50. Kg2 Rf5 51. Rd3 Re2+ 52. Kg1 Re1+ 53. Kg2 Re2+ 54. Kg1 Re4 55. Rg3+ Kf4 56. Rg4+ Ke3 57. Rxe4+ Kxe4 58. h4 Kf3 59. Rg7 Re5 60. Kf1 Rd5 61. Ke1 Re5+ 62. Kf1 Rc5 63. Ke1 Re5+ 64. Kf1 1/2-1/2


[Site "https://www.chess.com"]

[Event "Titled Tuesday Blitz May 2 Late 2023"]
[White "Rottenwohrer Suarez, Juan"]
[Black "Van Baar, Esper"]
[WhiteFideId "32068182"]
[BlackFideId "1049321"]
[WhiteElo "2174"]
[BlackElo "2180"]
[Result "1-0"]
[Round "06"]
[TimeControl "180+2"]
[Date "2023.05.02"]
[WhiteClock "0:00:03"]
[BlackClock "0:00:03"]

1. d4 d5 2. c4 c6 3. cxd5 cxd5 4. Nc3 Nc6 5. Nf3 Nf6 6. Bf4 e6 7. e3 Bd6 8. Bxd6 Qxd6 9. Bd3 O-O 10. O-O a6 11. a3 b5 12. b4 e5 13. dxe5 Nxe5 14. Be2 Be6 15. Rc1 Rac8 16. Qd4 Nxf3+ 17. Bxf3 Rc4 18. Qd2 Rfc8 19. Ne2 Bf5 20. Nd4 Be4 21. Be2 Rxc1 22. Rxc1 Qd7 23. f3 Bf5 24. Nb3 Be6 25. Rc5 Rxc5 26. Nxc5 Qc6 27. Qd4 Nd7 28. Nxd7 Bxd7 29. Kf2 g6 30. Qa7 Kg7 31. Qb8 Bf5 32. g4 Bb1 33. Qe5+ Kg8 34. h4 Ba2 35. h5 f6 36. Qb8+ Kg7 37. Kg3 Bc4 38. Qa7+ Kh6 39. Bd1 Qd6+ 40. f4 g5 41. Qd4 gxf4+ 42. exf4 Kg7 43. g5 Qe6 44. h6+ Kf7 45. Bh5+ Ke7 46. gxf6+ Qxf6 47. Qc5+ Qd6 48. Qa7+ Kf6 49. Qxh7 Qe7 50. Qg6# 1-0


[Site "https://www.chess.com"]

[Event "Titled Tuesday Blitz May 2 Late 2023"]
[White "Gasparyan, David"]
[Black "Eisa Mohmood, Alkhoori"]
[WhiteFideId "13311980"]
[BlackFideId "9316116"]
[WhiteElo "2142"]
[BlackElo "1310"]
[Result "0-1"]
[Round "06"]
[TimeControl "180+2"]
[Date "2023.05.02"]
[WhiteClock "0:00:01"]
[BlackClock "0:00:59"]

1. e4 c5 2. Nc3 Nc6 3. Bb5 Nd4 4. Nf3 e6 5. O-O Nxb5 6. Nxb5 a6 7. Nc3 d6 8. d4 cxd4 9. Qxd4 Nf6 10. Bg5 Be7 11. Rad1 O-O 12. Rfe1 Ne8 13. Bxe7 Qxe7 14. Qb6 Rb8 15. Nd2 Bd7 16. Nc4 Bc6 17. Na5 Rc8 18. Re3 Qc7 19. Qxc7 Rxc7 20. Nc4 Bxe4 21. Rxe4 d5 22. Nxd5 exd5 23. Rxd5 Nf6 24. Rde5 Nxe4 25. Rxe4 Rd8 26. g3 f5 27. Rf4 Rd1+ 28. Kg2 Ra1 29. Ne3 Rxa2 30. b3 g6 31. Rd4 Kf7 32. Kf3 a5 33. Rd6 a4 34. bxa4 Rxa4 35. h4 Ke7 36. Rb6 Ra3 37. Ke2 Rd7 38. c4 Ra2+ 39. Kf3 Ra3 40. Ke2 Kd8 41. Nd5 Ra2+ 42. Kf3 Kc8 43. Rf6 Kb8 44. Nb6 Rd3+ 45. Kg2 Rdd2 46. c5 Rxf2+ 47. Kg1 Kc7 48. Nd5+ Kb8 49. Nb6 Kc7 50. Nd5+ Kd7 51. Rd6+ Ke8 52. Nc7+ Ke7 53. Nd5+ Kf7 54. Rd7+ Ke6 55. Rd6+ Ke5 56. Nc3 Rac2 57. Nd5 Rg2+ 58. Kf1 Rgd2 0-1


[Site "https://www.chess.com"]

[Event "Titled Tuesday Blitz May 2 Late 2023"]
[White "Bjelobrk, Igor"]
[Black "Fuentes Godoy, Lilia Ivonne"]
[WhiteFideId "4300726"]
[BlackFideId "5104130"]
[WhiteElo "2335"]
[BlackElo "2096"]
[Result "1-0"]
[Round "06"]
[TimeControl "180+2"]
[Date "2023.05.02"]
[WhiteClock "0:01:50"]
[BlackClock "0:00:27"]

1. d4 d5 2. c4 e6 3. Nf3 c6 4. g3 f5 5. Bg2 Nf6 6. O-O Bd6 7. b3 O-O 8. Ba3 Bxa3 9. Nxa3 Qe7 10. Nc2 Nbd7 11. e3 Ne4 12. Nce1 b6 13. Nd3 Bb7 14. Rc1 c5 15. cxd5 exd5 16. dxc5 Ndxc5 17. Nf4 Rfd8 18. Nd4 g6 19. b4 Na6 20. a3 Rac8 21. Qb3 Nd2 22. Qa4 Nxf1 23. Rxc8 Rxc8 24. Bxf1 Rc1 25. Kg2 Qe6 26. Nfxe6 1-0


[Site "https://www.chess.com"]

[Event "Titled Tuesday Blitz May 2 Late 2023"]
[White "Gatterer, Florian"]
[Black "Bruedigam, Martin"]
[WhiteFideId "811688"]
[BlackFideId "24608033"]
[WhiteElo "2221"]
[BlackElo "2331"]
[Result "0-1"]
[Round "06"]
[TimeControl "180+2"]
[Date "2023.05.02"]
[WhiteClock "0:00:02"]
[BlackClock "0:00:34"]

1. c4 Nf6 2. Nf3 e6 3. g3 a6 4. Bg2 b5 5. b3 Bb7 6. O-O c5 7. Bb2 Qb6 8. d3 Be7 9. Nc3 O-O 10. a4 bxc4 11. dxc4 Nc6 12. Nd2 Rfd8 13. e3 Rab8 14. Qc2 Ba8 15. Rab1 Nb4 16. Qd1 Bxg2 17. Kxg2 d5 18. Qe2 Qb7 19. Qf3 Nd3 20. Kg1 Nxb2 21. Rxb2 d4 22. Qxb7 Rxb7 23. exd4 cxd4 24. Nce4 Nd7 25. f4 Bb4 26. Nf3 f5 27. Nf2 Bc3 28. Rbb1 Nc5 29. Ne5 Rxb3 30. Rxb3 Nxb3 31. Nfd3 Nd2 32. Rc1 Rc8 33. c5 Ne4 34. c6 h6 35. Rb1 Nd6 36. Rb6 a5 37. Ra6 g5 38. Kf2 g4 39. Ra7 Ne4+ 40. Ke2 Nd6 41. Rd7 Ne4 42. Nf7 Bb4 43. Nxh6+ Kf8 44. Ne5 Bd6 45. Ng6+ Ke8 46. Rh7 Rxc6 47. Rh8+ Kd7 48. Nf7 Rc2+ 49. Kd1 Ra2 50. Rd8+ Kc7 51. Ra8 Nc3+ 52. Kc1 Ba3# 0-1


[Site "https://www.chess.com"]

[Event "Titled Tuesday Blitz May 2 Late 2023"]
[White "Dobrowolski, Piotr"]
[Black "Ocelak, Jakub"]
[WhiteFideId "1106236"]
[BlackFideId "23707933"]
[WhiteElo "2320"]
[BlackElo "2044"]
[Result "1/2-1/2"]
[Round "06"]
[TimeControl "180+2"]
[Date "2023.05.02"]
[WhiteClock "0:00:20"]
[BlackClock "0:00:04"]

1. e4 g6 2. d4 Bg7 3. h4 h5 4. Nf3 d6 5. Ng5 Nc6 6. d5 Ne5 7. Nd2 c6 8. Nc4 Nxc4 9. Bxc4 cxd5 10. Bxd5 e6 11. Bb3 Ne7 12. Bf4 d5 13. exd5 Nxd5 14. Bxd5 Qxd5 15. Qxd5 exd5 16. O-O-O O-O 17. Rxd5 Bf5 18. Re1 Rfe8 19. Rxe8+ Rxe8 20. Be3 b6 21. c3 Bh6 22. Kd2 Kg7 23. a4 f6 24. Nf3 Bxe3+ 25. fxe3 Re4 26. a5 Rg4 27. axb6 axb6 28. c4 Rxg2+ 29. Kc3 Rg3 30. Nd4 Rxe3+ 31. Kd2 Rd3+ 32. Ke2 Rh3 33. Nxf5+ gxf5 34. Rb5 Rxh4 35. b3 Rh2+ 36. Kf3 Kg6 37. Rxb6 Rh3+ 38. Kg2 Rc3 39. Rb5 Kg5 40. c5 Kg4 41. Rb4+ f4 42. Rb6 Rc2+ 43. Kf1 Kf3 44. Kg1 Rxc5 45. Rxf6 Rg5+ 46. Kh2 Rb5 47. Rh6 Kg4 48. Rg6+ Kf5 49. Rh6 Kg5 50. Rh8 Rxb3 51. Rg8+ Kf5 52. Rf8+ Kg4 53. Rg8+ Kf3 54. Rh8 Rb2+ 55. Kh3 Rb1 56. Kh2 Rb2+ 57. Kh3 Rb5 58. Ra8 Rb3 59. Rh8 Kf2+ 60. Kh2 f3 61. Rxh5 Rb4 62. Kh3 Re4 63. Rf5 Re3 64. Ra5 Re4 65. Ra1 Re2 66. Rb1 Re3 67. Ra1 Re5 68. Rb1 Rg5 69. Rb2+ Kg1 70. Rb1+ Kf2 71. Rb2+ Ke1 72. Rb1+ Kd2 73. Rb2+ Ke3 74. Rb3+ Ke2 75. Rb2+ Ke3 76. Rb3+ Ke4 77. Rb4+ Ke3 78. Rb3+ 1/2-1/2


[Site "https://www.chess.com"]